 Dungeon Crawl Stone Soup version 0.30-a0-159-g068b764562 (webtiles) character file.

Game seed: 7582386899090022428

147 qw the Chopper (level 5, 0/32 HPs)
             Began as a Gargoyle Fighter on Sept 27, 2022.
             Slain by an orc
             ... wielding a +0 war axe
              (5 damage)
             ... on level 3 of the Dungeon.
             The game lasted 00:00:43 (1693 turns).

qw the Chopper (Gargoyle Fighter)                   Turns: 1693, Time: 00:00:43

Health: 0/32       AC: 16    Str: 22    XL:     5   Next: 29%
Magic:  5/5        EV:  6    Int:  8    God:
Gold:   70         SH:  0    Dex:  9    Spells: 4/4 levels left

rFire   . . .      SeeInvis .    Y - +0 war axe (venom)
rCold   . . .      Faith    .    c - +0 buckler
rNeg    + . .      Spirit   .    m - +0 plate armour
rPois   inf        Reflect  .    (no helmet)
rElec   +          Harm     .    (no cloak)
rCorr   .          Rampage  .    l - +0 pair of gloves
Will    .....                    (no boots)
Stlth   ..........               (no amulet)
HPRegen 0.10/turn                (no ring)
MPRegen 0.09/turn                (no ring)

@: confused
A: sickness immunity, AC +4, negative energy resistance 1, electricity
resistance, torment resistance 1, petrification resistance
a: no special abilities


You were on level 3 of the Dungeon.
You visited 1 branch of the dungeon, and saw 3 of its levels.

You collected 70 gold pieces.


Innate Abilities, Weirdness & Mutations

You are immune to sickness and miasma.
Your stone body is resilient. (AC +4)
You are immune to poison.
You resist negative energy. (rN+)
You are resistant to electric shocks. (rElec)
You are resistant to unholy torment.
You are immune to petrification.


   Skills:
 - Level 3.2 Fighting
 + Level 4.8 Axes
 - Level 3.2 Armour
 - Level 3.2 Shields


You had 4 spell levels left.
You didn't know any spells.
Your spell library was empty.

Inventory:

Hand Weapons
 h - a +0 mace
 Y - a +0 war axe of venom (weapon)
Missiles
 b - 8 boomerangs (quivered)
Armour
 c - a +0 buckler (worn)
 l - a +0 pair of gloves (worn)
 m - a +0 plate armour (worn)
Potions
 d - a potion of might
 e - 3 potions of attraction
 g - a potion of invisibility {unknown}
 i - a potion of lignification {unknown}
 j - a potion of mutation {unknown}
 k - a potion of heal wounds {unknown}
 o - a potion of ambrosia {unknown}

Dungeon Overview and Level Annotations

Branches:
Dungeon (3/15)

Altars:
Makhleb


Message History

Throw: 8 boomerangs
Press: ? - help, Q - select action Shift-Dir - straight line, f/p - endoplasm You throw a boomerang.
The boomerang hits the endoplasm.
The endoplasm is heavily wounded.
Throw: 8 boomerangs
Press: ? - help, Q - select action Shift-Dir - straight line, f/p - endoplasm You throw a boomerang.
The boomerang hits the endoplasm.
You kill the endoplasm!
An ogre comes into view. It is wielding a +0 giant club.
The ogre shouts!
You hear a shout! x2
An orc wizard comes into view. It is wielding a +0 dagger.
Enter note: An orc comes into view. It is wielding a +0 war axe.
The gnoll shouts!
An orc comes into view. It is wielding a +0 dagger.
The ogre hits you but does no damage.
You slash the ogre!
The ogre is poisoned.
The ogre is moderately wounded.
The ogre hits you with a +0 giant club!
Ouch! That really hurt!
You barely miss the ogre.
The ogre is moderately wounded.
You closely miss the orc wizard.
The orc wizard points at you and mumbles some strange words.
You are confused.
The ogre hits you with a +0 giant club!
The orc wizard hits you but does no damage.
You're too confused to move!
You slash the ogre!
The ogre looks as sick as possible!
The ogre is almost dead.
You barely miss the orc. You miss the orc wizard.
You kill the ogre!
The orc wizard casts a spell at you.
The magic dart hits you but does no damage.
The orc hits you but does no damage.
Your Axes skill increases to level 4!
You have reached level 5!
You bump into the rock wall.
The orc wizard barely misses you. The orc barely misses you.
The orc attacks as you move away! The orc hits you with a +0 war axe.
You die...

#.........<.. g#~~.#
#............ #####~~.#
#............ ~~~~~~~.#
#....#....... ~~~~~~~.#
#....##.....#
........####.#.######.##
#.....##...#.######...
#......###.##.......
#.#@o.#.......##...#
#.oo#......#####...#
#.........#..###...%<.
#.........#.........##
#.........#.........#
#.......... ........#
.....................#
.#....................
........#


You could see an orc wizard, a gnoll and 2 orcs.

Vanquished Creatures
  An ogre (D:3)
  2 adders
  A worm (D:2)
  3 ball pythons (D:1)
  7 endoplasms
  A giant cockroach (D:2)
  A goblin (D:1)
  4 hobgoblins
  2 kobolds
  4 quokkas
  7 bats
  2 frilled lizards (D:1)
  4 rats
39 creatures vanquished.

Vanquished Creatures (others)
  15 plants (D:2)
15 creatures vanquished.

Grand Total: 54 creatures vanquished

Notes
Turn   | Place    | Note
-------+----------+-------------------------------------------
     0 | D:1      | qw the Gargoyle Fighter began the quest for the Orb.
     0 | D:1      | Reached XP level 1. HP: 14/14 MP: 1/1
     0 | D:1      | 0 ||| qw: Version: 0.2-a-10-g37ed214
     0 | D:1      | 0 ||| qw: Game counter: 557
     0 | D:1      | 0 ||| qw: Always use a shield: true
     0 | D:1      | 0 ||| qw: God list: Okawaru
     0 | D:1      | 0 ||| qw: Allow faded altars: false
     0 | D:1      | 0 ||| qw: Do Orc after D:15 true
     0 | D:1      | 0 ||| qw: Do second Lair branch before Depths: true
     0 | D:1      | 0 ||| qw: Lair rune preference: random
     0 | D:1      | 0 ||| qw: Plans: Normal, Zot:1-4, God:TSO, Crypt, Tomb,
                  | Pan, Slime:5, Hells, Abyss, Orb
     0 | D:1      | 0 ||| PLANNING D:1-11
    36 | D:1      | Reached skill level 2 in Axes
   113 | D:1      | 113 ||| Stepping ~*~*~tactically~*~*~ (stealth).
   156 | D:1      | Reached XP level 2. HP: 18/19 MP: 2/2
   219 | D:1      | 219 ||| Stepping ~*~*~tactically~*~*~ (stealth).
   320 | D:1      | 320 ||| Stepping ~*~*~tactically~*~*~ (stealth).
   321 | D:1      | 321 ||| Stepping ~*~*~tactically~*~*~ (stealth).
   470 | D:1      | 470 ||| Stepping ~*~*~tactically~*~*~ (stealth).
   612 | D:1      | Reached skill level 3 in Axes
   862 | D:1      | Reached XP level 3. HP: 23/23 MP: 3/3
   867 | D:1      | Found a faded altar of an unknown god.
   877 | D:1      | 877 ||| UPGRADING to +0 pair of gloves.
   882 | D:1      | 882 ||| UPGRADING to +0 plate armour.
   892 | D:1      | 892 ||| DROPPING +0 scale mail.
   893 | D:1      | 893 ||| DROPPING ring of wizardry.
   894 | D:1      | 894 ||| READING scroll labelled BULEEZ KOJETA.
   895 | D:1      | 895 ||| READING scroll labelled BETAKH COYD.
   896 | D:1      | 896 ||| READING scroll labelled MYSEUDO FAINGILED.
  1214 | D:2      | 1214 ||| DROPPING +0 club.
  1302 | D:2      | Found a burning altar of Makhleb.
  1622 | D:2      | 1622 ||| READING scroll labelled OLAKLU ZETOETZOZ.
  1623 | D:2      | 1623 ||| READING scroll labelled NYRIUGG KURIAS.
  1624 | D:2      | 1624 ||| DRINKING 4 viscous black potions.
  1649 | D:3      | Reached XP level 4. HP: 28/28 MP: 4/4
  1684 | D:3      | Noticed an ogre
  1689 | D:3      | HP: 4/28 [ogre/+0 giant club (11)]
  1691 | D:3      | Killed an ogre
  1692 | D:3      | Reached skill level 4 in Axes
  1692 | D:3      | Reached XP level 5. HP: 4/32 MP: 5/5
  1693 | D:3      | Slain by an orc

Levels and vault maps discovered:
D:1:      mushboom_english_gardens, layout_rooms, ebering_ecumenical_altar_ruins
D:2:      layout_basic, serial_bayou, serial_bayou_ford_a, serial_bayou_pond_d,
          serial_bayou_lagoon_a, serial_bayou_lake_a, st_stairs_13,
          minmay_hexomino_r4
D:3:      layout_rooms, minitemple, gammafunk_ghost_gnarly_gnolls

Skill      XL: |  1  2  3  4 |
---------------+-------------+-----
Axes           | 2 3 4 |  4.8
Fighting       | |  3.2
Armour         | |  3.2
Shields        | |  3.2

Action                   |  1- 3 |  4- 6 || total
-------------------------+-------+-------++-------
Melee: War axe           |    99 |     5 ||   104
Throw: Boomerang         |    22 |     3 ||    25
  Use: Scroll            |     5 |       ||     5
       Potion            |     1 |       ||     1
Armor: Scale mail        |    37 |       ||    37
       Plate armour      |    26 |     5 ||    31
Dodge: Dodged            |    32 |     2 ||    34
Block: Buckler           |    15 |     1 ||    16

Table legend:
 A = Non-vault XP
 B = Vault XP
 C = Vault XP percentage of total XP
 D = Non-vault monster count
 E = Vault monster count
 F = Vault count percentage of total count
                 A         B        C        D         E       F
            +---------+---------+-------+---------+---------+-------
      Total |     188 |      23 |  10.9 |      34 |       5 |  12.8
            +---------+---------+-------+---------+---------+-------
        D:1 |      34 |       0 |   0.0 |      22 |       0 |   0.0
        D:2 |      13 |      23 |  63.9 |       8 |       5 |  38.5
        D:3 |     141 |       0 |   0.0 |       4 |       0 |   0.0
            +---------+---------+-------+---------+---------+-------
